 Dungeon Crawl Stone Soup version 0.31.0-9-g3a7656b989 (webtiles) character file.

Game seed: 16775221725024810824

147 qw the Ducker (level 5, -1/26 HPs)
             Began as a Spriggan Hunter on Feb 2, 2024.
             Slain by an orc priest
             ... wielding a +0 trident
              (4 damage)
             ... on level 4 of the Dungeon.
             The game lasted 00:00:07 (2041 turns).

qw the Ducker (Spriggan Hunter)                     Turns: 2041, Time: 00:00:08

Health: -1/26      AC:  2    Str:  7    XL:     5   Next: 7%
Magic:  6/6        EV: 21    Int: 10    God:
Gold:   66         SH:  0    Dex: 21    Spells: 4/4 levels left

rFire   . . .        a - +0 shortbow
rCold   . . .        (shield currently unavailable)
rNeg    + . .        c - +0 robe
rPois   .            (helmet restricted)
rElec   .            (no cloak)
rCorr   .            (gloves unavailable)
SInv    +            (boots unavailable)
Will    .....        e - amulet of faith
Stlth   ++           h - ring of positive energy
HPRegen 0.24/turn    (no ring)
MPRegen 0.10/turn

%: faith
@: very quick
A: very small, no large weapons, unfitting armour, see invisible, speed 3
a: no special abilities


You were on level 4 of the Dungeon.
You visited 1 branch of the dungeon, and saw 4 of its levels.

You collected 66 gold pieces.


Innate Abilities, Weirdness & Mutations

You are very small and have problems with some larger weapons.
You are too small for most types of armour.
You have supernaturally acute eyesight. (SInv)
You cover ground extremely quickly. (Speed+++)


   Skills:
 + Level 1.7 Fighting
 - Level 5.0 Ranged Weapons
 - Level 5.6 Dodging
 - Level 1.5 Stealth


You had 4 spell levels left.
You didn't know any spells.
Your spell library was empty.

Inventory:

Hand Weapons
 a - a +0 shortbow (weapon)
Armour
 c - a +0 robe (worn)
Jewellery
 e - an amulet of faith (around neck)
 h - a ring of positive energy (left hand)
Scrolls
 d - a scroll of enchant weapon {unknown}
Potions
 b - a potion of attraction {unknown}
 f - 4 potions of curing
 i - a potion of haste {unknown}

Dungeon Overview and Level Annotations

Branches:
Dungeon (4/15)
 Temple: D:4-7

Altars:
Ashenzari
Cheibriados

Shops:
D:1 !


Message History

The howler monkey hits you.
The howler monkey completely misses you.
You shoot an arrow. The arrow hits the howler monkey.
You kill the howler monkey!
An orc comes into view. It is wielding a +0 flail.
The orc hits you with a +0 hand axe.
The orc priest hits you from afar with a +0 trident.
The orc moves out of view.
Your Dodging skill increases to level 5!
You have reached level 5!
You feel agile.
You shoot an arrow. The arrow closely misses the orc.
The arrow hits the orc.
The orc is moderately wounded.
The orc priest hits you from afar with a +0 trident.
The orc closely misses you.
You shoot an arrow. The arrow hits the orc!
You kill the orc!
The orc priest closely misses you.
You shoot an arrow. The arrow barely misses the orc.
The arrow hits the orc.
You kill the orc!
The orc priest barely misses you. The orc completely misses you.
You shoot an arrow. The arrow barely misses the orc.
The arrow hits the hobgoblin.
You kill the hobgoblin!
The orc priest misses you. The orc misses you.
You shoot an arrow.
The arrow hits the orc but does no damage.
The orc is lightly wounded.
The orc priest misses you. The orc completely misses you.
You shoot an arrow. The arrow closely misses the orc.
The arrow hits the hobgoblin.
You kill the hobgoblin!
The orc priest barely misses you. The orc completely misses you.
You shoot an arrow. The arrow hits the orc!
You kill the orc!
The orc priest completely misses you. The orc hits you with a +0 flail.
The orc priest hits you from afar with a +0 trident.
You shoot an arrow. The arrow barely misses the orc.
The orc misses you.
The orc priest hits you from afar with a +0 trident.
You die...

... ..##. .. ###.....
#. #...#..
#.##....... .
#..#...#...# #
###.#...##...###
#.....#........#
######.#...##........
#.)o@..###.##........
#.o###.# #.# #.##....
#'' #####.###..)....
.... ##...#....%...
....h ##........#....
#...¤¤
#...#.#.....#..
#...s¤
###.#.#..####..
#...~¤ #........# ##.
#....#..## #.


You could see an orc priest and an orc.

Vanquished Creatures
  A howler monkey (D:4)
  2 adders (D:3)
  3 dart slugs
  A ribbon worm (D:3)
  5 orcs
  4 bats
  8 endoplasms
  3 giant cockroaches
  7 hobgoblins
  4 jackals
  4 quokkas
  5 ball pythons
  3 frilled lizards (D:3)
  7 goblins
  5 kobolds
  10 rats
72 creatures vanquished.

Notes
Turn   | Place    | Note
-------+----------+-------------------------------------------
     0 | D:1      | qw the Spriggan Hunter began the quest for the Orb.
     0 | D:1      | Reached XP level 1. HP: 10/10 MP: 2/2
     0 | D:1      | 0 ||| qw: Version: 0.3-a-155-g5e7d8dd
     0 | D:1      | 0 ||| qw: Game counter: 1614
     0 | D:1      | 0 ||| qw: Melee chars always use a shield: true
     0 | D:1      | 0 ||| qw: God list: Okawaru
     0 | D:1      | 0 ||| qw: Allow faded altars: false
     0 | D:1      | 0 ||| qw: Do Orc after clearing Dungeon:15 true
     0 | D:1      | 0 ||| qw: Do second Lair branch before Depths: true
     0 | D:1      | 0 ||| qw: Lair rune preference: random
     0 | D:1      | 0 ||| qw: Goals: Normal
     0 | D:1      | 0 ||| PLANNING D:1-11
    58 | D:1      | Reached skill level 3 in Dodging
   112 | D:1      | Reached XP level 2. HP: 10/14 MP: 3/3
   479 | D:1      | Reached XP level 3. HP: 18/18 MP: 4/4
   574 | D:1      | Found Toshreg's Distillery.
   581 | D:1      | 581 ||| SHOPLISTING potion of curing (36 gold, have 35).
   641 | D:1      | Found a faded altar of an unknown god.
   666 | D:1      | 666 ||| UPGRADING to amulet of faith.
   705 | D:1      | 705 ||| DROPPING ring of wizardry.
   727 | D:1      | 727 ||| READING 2 scrolls labelled YMMIRE LAIT.
   727 | D:1      | 727 ||| IDENTIFYING black potion
   732 | D:1      | 732 ||| READING scroll of identify.
   732 | D:1      | 732 ||| IDENTIFYING fuming emerald potion
   733 | D:1      | 733 ||| DROPPING scroll of butterflies.
   734 | D:1      | 734 ||| DROPPING potion of degeneration.
  1388 | D:2      | 1388 ||| READING scroll labelled MYH FUIGEHAB.
  1520 | D:3      | Found a broken altar of Ashenzari.
  1540 | D:3      | Reached XP level 4. HP: 22/22 MP: 5/5
  1759 | D:3      | Found a snail-covered altar of Cheibriados.
  1799 | D:3      | Found the +7 staff of the Meek {protect, meekguard}
  1909 | D:3      | 1909 ||| UPGRADING to ring of positive energy.
  1910 | D:3      | 1910 ||| READING scroll labelled BOTTUO SIWNO.
  1911 | D:3      | 1911 ||| READING scroll labelled LOTSEYSCHAC.
  1911 | D:3      | 1911 ||| ENCHANTING +0 shortbow.
  1937 | D:4      | 1937 ||| STAIRDANCE
  2019 | D:4      | Noticed a scorpion
  2020 | D:4      | 2020 ||| RETREEEEATING.
  2034 | D:4      | Reached XP level 5. HP: 13/25 MP: 6/6
  2040 | D:4      | HP: 3/26 [orc priest/+0 trident (5)]
  2041 | D:4      | Slain by an orc priest

Levels and vault maps discovered:
D:1:      lightli_molten_gateway, layout_loops_ring,
          shapermc_ecumenical_altar_hornbeckon, serial_shops, shop
D:2:      layout_loops_cross
D:3:      layout_rooms, chei_slow_surprise, evilmike_ruin_ashenzari
D:4:      layout_rooms, corexii_shack, kennysheep_generic_room_4

Skill      XL: |  1  2  3  4 |
---------------+-------------+-----
Dodging        | 3 4 5 |  5.6
Ranged Weapons | 5 |  5.0
Fighting       | |  1.7
Stealth        | |  1.5

Action                     |  1- 3 |  4- 6 || total
---------------------------+-------+-------++-------
   Fire: Shortbow          |   113 |    53 ||   166
    Use: Scroll            |     3 |     2 ||     5
 Armour: Robe              |     6 |    12 ||    18
  Dodge: Dodged            |    21 |    30 ||    51

Table legend:
 A = Non-vault XP
 B = Vault XP
 C = Vault XP percentage of total XP
 D = Non-vault monster count
 E = Vault monster count
 F = Vault count percentage of total count
                 A         B        C        D         E       F
            +---------+---------+-------+---------+---------+-------
      Total |     153 |      57 |  27.1 |      70 |       2 |   2.8
            +---------+---------+-------+---------+---------+-------
        D:1 |      41 |       0 |   0.0 |      24 |       0 |   0.0
        D:2 |      27 |       0 |   0.0 |      16 |       0 |   0.0
        D:3 |      61 |       0 |   0.0 |      21 |       0 |   0.0
        D:4 |      24 |      57 |  70.4 |       9 |       2 |  18.2
            +---------+---------+-------+---------+---------+-------
